 Dungeon Crawl Stone Soup version 0.27.1-2-g3b301248ec (webtiles) character file.

Game seed: 6011205321012666342

53 vvl the Poker (level 3, -8/29 HPs)
             Began as a Merfolk Fighter on Sept 24, 2021.
             Killed from afar by Ijyb (10 damage)
             ... with an iceblast
             ... on level 3 of the Dungeon.
             The game lasted 00:03:02 (1817 turns).

vvl the Poker (Merfolk Fighter)                     Turns: 1817, Time: 00:03:03

Health: -8/29      AC:  6    Str: 17    XL:     3   Next: 87%
Magic:  4/4        EV:  7    Int:  7    God:
Gold:   212        SH:  9    Dex: 13    Spells: 3/3 levels left

rFire    . . .     SeeInvis .   a - +0 trident
rCold    . . .     Faith    .   c - +0 kite shield
rNeg     . . .     Spirit   .   b - +0 scale mail
rPois    .         Reflect  .   (no helmet)
rElec    .         Harm     .   (no cloak)
rCorr    .         Rampage  .   (no gloves)
Will     .....                  (no boots)
Stlth    ..........             (no amulet)
HPRegen  0.09/turn              (no ring)
MPRegen  0.09/turn              (no ring)

@: no status effects
A: (nimble swimmer 2), mertail
a: no special abilities


You were on level 3 of the Dungeon.
You visited 1 branch of the dungeon, and saw 3 of its levels.

You collected 212 gold pieces.

Inventory:

Hand Weapons
 a - a +0 trident (weapon)
Armour
 b - a +0 scale mail (worn)
 c - a +0 kite shield (worn)
Jewellery
 k - a ring of wizardry
Scrolls
 e - 2 scrolls of teleportation {unknown}
 f - a scroll of magic mapping {unknown}
 g - a scroll of holy word {unknown}
 h - 2 scrolls of noise {unknown}
Potions
 d - a potion of might
 i - a potion of haste {unknown}
 j - a potion of attraction {unknown}
 l - a potion of mutation {unknown}


   Skills:
 + Level 3.5 Fighting
 * Level 3.9 Polearms
 + Level 2.3 Armour
 + Level 1.2 Dodging
 + Level 3.2 Shields
 + Level 0.7 Spellcasting
 + Level 1.1 Summonings
 + Level 0.0 Ice Magic


You had 3 spell levels left.
You didn't know any spells.
Your spell library contained the following spells:

 Spells                   Type           Power      Damage    Failure   Level
 Summon Small Mammal      Summ           4%         N/A       99%         1
 Call Canine Familiar     Summ           1%         N/A       100%        3
 Summon Guardian Golem    Hex/Summ       1%         N/A       100%        3
 Freezing Cloud           Conj/Ice/Air   0%         6-21      100%        5
 Simulacrum               Ice/Necr       0%         N/A       100%        6
 Polar Vortex             Ice            0%         N/A       100%        9


Dungeon Overview and Level Annotations

Branches:
Dungeon (3/15)

Altars:

Annotations:
D:3 Grinder, Ijyb


Innate Abilities, Weirdness & Mutations

((You are quick and stealthy near water. (Stealth+, EV+, Speed+++)))
Your lower body shifts to a powerful aquatic tail in water.


Message History

No target in view!
No target in view!
No target in view!
No target in view!
You see here a bat corpse.
Found a scroll labelled PISCHO UDDANIR.
Grinder comes into view.
Grinder shouts!
Grinder is nearby!
Grinder is nearby!
Grinder is nearby!
Ijyb the Twisted Goblin comes into view.
She is wielding a +0 dagger, wearing a +0 ring mail of cold resistance and carrying a wand of iceblast (7).
Ijyb shouts!
You reach to attack!
You hit Grinder.
Grinder is lightly wounded.
Grinder gestures at you. You resist with significant effort.
You hit Grinder but do no damage.
Grinder blinks!
Found a green potion.
Grinder says, "DUCK!"
Grinder blinks!
You puncture Ijyb!
Ijyb is moderately wounded.
Grinder blinks!
Ijyb hits you with a +0 dagger.
You hit Ijyb.
Ijyb is heavily wounded.
Ijyb hits you but does no damage.
You closely miss Ijyb.
Ijyb is heavily wounded.
Ijyb hits you but does no damage. Ijyb closely misses you.
You closely miss Ijyb.
Ijyb is heavily wounded.
You block Ijyb's attack.
Grinder blinks!
Ijyb zaps a wand.
The mass of ice explodes!
The iceblast engulfs you!
Ouch! That really hurt!
Ijyb zaps a wand.
The mass of ice explodes!
The iceblast engulfs you!
* * * LOW HITPOINT WARNING * * *
Ijyb zaps a wand.
The mass of ice explodes!
The iceblast engulfs you!
You die...

#.. ..... ##.# ##...##
#####..###.....###.
#..................
####........##.......!
#..#.......g..........
#..........###........
#.........# #...?....
##....@#### #........
####....## #........
#...#..###........
##..###.........5..
#....)<..###......#
####.............
........).........
#####.........##..
#.............


You could see Ijyb.

Vanquished Creatures
  An adder (D:2)
  A worm (D:2)
  A dart slug (D:2)
  4 endoplasms
  A giant cockroach (D:1)
  4 goblins
  3 hobgoblins (D:1)
  A quokka (D:1)
  5 ball pythons (D:1)
  8 bats
  2 frilled lizards (D:2)
  5 kobolds
  2 rats
38 creatures vanquished.

Vanquished Creatures (others)
  3 toadstools (D:2)
3 creatures vanquished.

Grand Total: 41 creatures vanquished

Notes
Turn   | Place    | Note
-------+----------+-------------------------------------------
     0 | D:1      | vvl the Merfolk Fighter began the quest for the Orb.
     0 | D:1      | Reached XP level 1. HP: 18/18 MP: 1/1
   160 | D:1      | Reached XP level 2. HP: 14/24 MP: 2/2
   598 | D:1      | Reached skill level 1 in Dodging
   749 | D:2      | Reached XP level 3. HP: 18/29 MP: 3/3
  1419 | D:2      | Reached skill level 1 in Summonings
  1801 | D:3      | Noticed Grinder
  1803 | D:3      | Noticed Ijyb
  1814 | D:3      | HP: 1/29 [Ijyb/iceblast (8)]
  1817 | D:3      | Killed from afar by Ijyb

Illustrated notes

Levels and vault maps discovered:
D:1:      saegor_arrival_simple_a, layout_rooms
D:2:      layout_basic, minmay_gold_behind_fungi, hangedman_decor_lopped
D:3:      layout_rooms, basic_ecumenical_altar, uniq_grinder, uniq_ijyb

Skill      XL: |  1  2  3 |
---------------+----------+-----
Dodging        | 1 |  1.2
Summonings     | 1 |  1.1
Fighting       | |  3.5
Polearms       | |  3.9
Armour         | |  2.3
Shields        | |  3.2
Spellcasting   | |  0.7

Action                   || total
-------------------------++-------
Melee: Trident           ||   124
Armor: Scale mail        ||    45
Dodge: Dodged            ||    21
Block: Kite shield       ||    66
